 Dungeon Crawl Stone Soup version 0.28-a0-661-g144af121cd (webtiles) character file.

Game seed: 7335506471893513093

31 Lekart the Skirmisher (level 3, -9/33 HPs)
             Began as a Draconian Chaos Knight on Oct 14, 2021.
             Was a Plaything of Xom.
             Killed by nerve-wracking pain
             ... invoked by a shadow imp
             ... summoned by Natasha
              (11 damage)
             ... on level 2 of the Dungeon.
             The game lasted 00:01:36 (1735 turns).

Lekart the Skirmisher (Draconian Chaos Knight)      Turns: 1735, Time: 00:01:37

Health: -9/33      AC:  5    Str: 14      XL:     3   Next: 7%
Magic:  3/3        EV: 12    Int: 11 (12) God:    Xom [*.....]
Gold:   26         SH:  0    Dex:  9      Spells: 2/2 levels left

rFire   . . .      SeeInvis .   a - +0 falchion (chaos)
rCold   . . .      Faith    .   (no shield)
rNeg    . . .      Spirit   .   (armour unavailable)
rPois   .          Reflect  .   (helmet restricted)
rElec   .          Harm     .   (no cloak)
rCorr   .          Rampage  .   (no gloves)
Will    .....                   (no boots)
Stlth   +.........              (no amulet)
HPRegen 0.11/turn               (no ring)
MPRegen 0.08/turn               (no ring)

@: no status effects
A: AC +5, unfitting armour, cold-blooded, clumsy 1, deterioration 1
a: Renounce Religion


You were on level 2 of the Dungeon.
You worshipped Xom.
You were a special plaything of Xom.
You visited 1 branch of the dungeon, and saw 2 of its levels.

You collected 26 gold pieces.

Inventory:

Hand Weapons
 a - a +0 falchion of chaos (weapon)
Wands
 i - a wand of flame (13)
Scrolls
 b - 2 scrolls of magic mapping {unknown}
 d - a scroll of identify {unknown}
 e - a scroll of noise {unknown}
 g - a scroll of enchant weapon {unknown}
 h - a scroll of vulnerability {unknown}
Potions
 c - a potion of lignification {unknown}
 f - a potion of attraction {unknown}


   Skills:
 + Level 3.7 Fighting
 + Level 3.5 Long Blades
 + Level 2.5 Dodging


You had 2 spell levels left.
You didn't know any spells.
Your spell library was empty.

Dungeon Overview and Level Annotations

Branches:
Dungeon (2/15)

Altars:

Annotations:
D:2 Natasha


Innate Abilities, Weirdness & Mutations

Your plain brown scales are hard. (AC +5)
You cannot fit into any form of body armour.
You are cold-blooded and may be slowed by cold attacks.
You are clumsy. (Dex -2)
Your body sometimes deteriorates upon taking damage.


Message History

i - a wand of flame (13) No target in view!
Natasha, Servant of Life and Death comes into view.
She is carrying a wand of flame (13).
Natasha hisses angrily.
Natasha casts a spell at you. The magic dart hits you.
Natasha is nearby!
Found a lumpy dark potion.
Natasha mewls in sadness.
Natasha is nearby!
Natasha casts a spell.
You barely miss Natasha. Natasha misses you.
You barely miss Natasha.
Natasha extends her claws.
Natasha claws you. The shadow imp barely misses you.
You hit Natasha but do no damage.
Natasha zaps a wand.
The puff of flame hits you!
A shower of butterflies erupts from you!
The shadow imp barely misses you.
You hit Natasha.
Natasha is poisoned.
Natasha is lightly wounded.
Natasha barely misses you. The shadow imp misses you.
You barely miss Natasha.
Natasha is lightly wounded.
Natasha claws you but does no damage. The shadow imp closely misses you.
Natasha howls an incantation.
You feel troubled. Natasha claws you.
* * * LOW HITPOINT WARNING * * *
You swap places.
Natasha casts a spell.
The shadow imp shouts, "Away with thee, thou reeling-ripe bat-fowling mule!"
The crimson imp blinks!
The crimson imp blinks!
The shadow imp gestures at you. Pain shoots through your body!
* * * LOW HITPOINT WARNING * * *
The shadow imp gestures at you. Pain shoots through your body!
You die...

≈≈♣P##.5......#
≈≈≈....b.########
♣♣P♣##.bb#......# ♣♣
##.........#
#.♣####h##....(.#
♣......5##..(...# ♣♣
##...##.........# ♣≈.
#...##.##......#
...####...##@#########
#.......##.#
#.....####.#####
#.....# #.....###
#.(...# ##......#
####.....# #......#
#........# #......#
#....)...# #......#
#........#
#......########


You could see Natasha (poisoned, ally target) and a shadow imp (summoned).

Vanquished Creatures
  A dart slug (D:2)
  3 ball pythons
  3 endoplasms (D:1)
  3 hobgoblins (D:1)
  3 jackals (D:1)
  5 kobolds
  A quokka (D:1)
  A bat (D:1)
  2 frilled lizards
  3 goblins (D:1)
  2 rats (D:1)
27 creatures vanquished.

Notes
Turn   | Place    | Note
-------+----------+-------------------------------------------
     0 | D:1      | Lekart the Draconian Chaos Knight began the quest for the
                  | Orb.
     0 | D:1      | Reached XP level 1. HP: 19/19 MP: 1/1
    27 | D:1      | XOM: silly message
   104 | D:1      | XOM: silly message
   258 | D:1      | XOM: god gift: golden potion {god gift}
   299 | D:1      | XOM: confuse monster(s)
   305 | D:1      | Reached XP level 2. HP: 17/26 MP: 2/2
   607 | D:1      | XOM: silly message
   716 | D:1      | XOM: noise
   878 | D:1      | Noticed an eye of devastation
   879 | D:1      | Found a faded altar of an unknown god.
   967 | D:1      | Noticed a shining eye
   967 | D:1      | Noticed a shining eye
   967 | D:1      | Noticed a golden eye
  1010 | D:1      | XOM: noise
  1321 | D:1      | XOM: noise
  1394 | D:1      | XOM: give mutations
  1394 | D:1      | Gained mutation: Your large and strong wings let you fly.
                  | [Xom's mischief]
  1394 | D:1      | Gained mutation: Your body sometimes deteriorates upon
                  | taking damage. [Xom's mischief]
  1394 | D:1      | Gained mutation: You are clumsy. (Dex -2) [Xom's mischief]
  1394 | D:1      | Lost mutation: Your large and strong wings let you fly.
                  | [Xom's mischief]
  1604 | D:2      | Reached XP level 3. HP: 29/33 MP: 3/3
  1719 | D:2      | Noticed Natasha
  1725 | D:2      | XOM: butterfly on damage
  1735 | D:2      | Killed from afar by a shadow imp

Illustrated notes

Levels and vault maps discovered:
D:1:      denvon_arrival_waterhouse, layout_basic,
          hellmonk_ecumenical_altar_watching_god
D:2:      layout_basic, serial_bayou_crossing, uniq_jessica, uniq_natasha

Action                   || total
-------------------------++-------
Melee: Falchion          ||    85
       Tailslap          ||     6
Armor: Skin              ||    24
Dodge: Dodged            ||    56

Table legend: (Time is in decaauts)
 A = Elapsed time spent in this place.
 B = Non-inter-level travel time spent in this place.
 C = Inter-level travel time spent in this place.
 D = Time resting spent in this place.
 E = Time spent auto-exploring this place.
 F = Levels seen in this place.
 G = Mean time per level.
                   A        B        C        D        E       F      G
               +--------+--------+--------+--------+--------+-----+--------+
         Total |   1752 |   1737 |     15 |     34 |   1478 |   2 |  876.0 |
       Dungeon |   1752 |   1737 |     15 |     34 |   1478 |   2 |  876.0 |
               +--------+--------+--------+--------+--------+-----+--------+

Top non-repeatable levels by time:
     D:1: 1581 daAuts
     D:2: 171 daAuts
